Map: 2000 Atmospheres LE

Players

Nice

  • Race: Protoss Protoss

ShoWTimE - Winner!

  • Race: Protoss Protoss

Event: DreamHack SC2 Masters 2021 Winter

VOD

Have the link to the VOD?

Description

Time

  • Played on: Nov. 12, 2021, 11:20 a.m.
  • Length: 14:13

All games in this series

Show
View Real Time Build Order
Export as new Build Order

Nice Protoss 

Build Orders: Oracle Opening 

Get SALT Encoding   

  12  0:00  Probe  
  13  0:12  Probe  
  14  0:17  Pylon  
  14  0:24  Probe (Chrono Boost)  
  15  0:36  Probe (Chrono Boost)  
  15  0:37  Gateway  
  15  0:42  Probe (Chrono Boost)  
  16  0:45  Assimilator  
  17  0:54  Probe (Chrono Boost)  
  17  0:55  Assimilator  
  18  1:06  Probe (Chrono Boost)  
  18  1:08  Gateway  
  19  1:14  Probe (Chrono Boost)  
  20  1:20  Probe  
  21  1:25  Cybernetics Core  
  21  1:32  Probe  
  22  1:38  Pylon  
  22  1:44  Probe  
  23  1:56  Probe  
  24  2:04  Warp Gate  
  24  2:07  Adept x2  
  28  2:08  Probe  
  28  2:13  Pylon  
  29  2:20  Pylon  
  29  2:30  Stargate  
  29  2:37  Adept x2  
  33  3:03  Nexus  
  33  3:10  Oracle (Chrono Boost)  
  36  3:20  Pylon  
  36  3:22  Probe  
  37  3:34  Probe  
  37  3:37  Oracle (Chrono Boost)  
  41  3:46  Probe  
  42  3:50  Twilight Council  
  42  3:58  Probe  
  43  4:13  Probe (Chrono Boost)  
  43  4:15  Probe (Chrono Boost)  
  41  4:20  Stalker x2  
  46  4:25  Probe (Chrono Boost)  
  46  4:27  Probe (Chrono Boost)  
  46  4:30  Probe (Chrono Boost)  
  47  4:31  Probe (Chrono Boost)  
  45  4:39  Blink (Chrono Boost)  
  45  4:40  Probe  
  45  4:41  Probe  
  47  4:52  Probe  
  48  4:53  Forge  
  48  4:56  Gateway, Sentry  
  48  4:58  Gateway  
  48  4:59  Probe  
  51  5:03  Assimilator  
  51  5:05  Probe  
  52  5:11  Shield Battery  
  52  5:13  Probe  
  50  5:16  Stalker  
  50  5:17  Probe  
  50  5:20  Stalker  
  55  5:25  Probe, Shield Battery  
  56  5:29  Protoss Ground Weapons Level 1 (Chrono Boost)  
  56  5:35  Probe  
  57  5:37  Probe  
  57  5:41  Stalker  
  60  5:53  Probe x2  
  62  5:57  Pylon  
  62  5:58  Nexus  
  62  6:06  Robotics Facility  
  62  6:07  Pylon  
  62  6:13  Pylon  
  62  6:15  Probe x2  
  64  6:27  Probe x2, Charge (Chrono Boost)  
  64  6:29  Adept, Stalker x2  
  64  6:30  Adept  
  74  6:39  Probe x2  
  76  6:42  Assimilator  
  76  6:47  Pylon  
  76  6:51  Probe x2  
  76  6:53  Observer  
  79  7:03  Probe x2  
  78  7:11  Immortal (Chrono Boost)  
  78  7:15  Probe  
  81  7:18  Probe  
  81  7:21  Shield Battery  
  81  7:26  Gateway x2  
  81  7:29  Gateway x2  
  80  7:32  Templar Archives  
  80  7:37  Protoss Ground Weapons Level 2 (Chrono Boost)  
  80  7:41  Immortal (Chrono Boost)  
  84  7:45  Zealot x4  
  84  7:48  Pylon  
  76  8:06  Stalker x4  
  79  8:13  Immortal (Chrono Boost)  
  76  8:23  Probe x2  
  76  8:25  Zealot x2  
  76  8:26  Zealot x2  
  79  8:27  Probe  
  79  8:32  Zealot x2  
  78  8:44  High Templar  
  78  8:45  High Templar  
  78  8:46  Zealot x2  
  78  8:47  Warp Prism (Chrono Boost)  
  85  8:49  Archon  
  85  8:53  High Templar x2  
  85  8:54  Zealot  
  91  8:56  Zealot  
  91  8:59  Archon  
  91  9:01  Pylon  
  93  9:02  Pylon  
  93  9:08  Zealot x2  
  97  9:13  Observer (Chrono Boost)  
  97  9:16  Zealot x2  
  102  9:17  Zealot x2  
  106  9:29  High Templar x2  
  106  9:30  Zealot x2  
  114  9:33  Archon, Pylon  
  114  9:36  Zealot x2  
  114  9:37  Zealot  
  114  9:38  Zealot  
  118  9:55  Zealot x2  
  118  9:57  Zealot  
  118  9:58  Zealot x3  
  98  10:06  Probe x3  
  99  10:07  Immortal (Chrono Boost)  
  99  10:08  Assimilator  
  99  10:09  Assimilator  
  103  10:21  Sentry, High Templar x2  
  105  10:22  Zealot x4  
  105  10:27  Archon, Shield Battery  
  117  10:35  Sentry  
  119  10:37  Immortal (Chrono Boost)  
  123  10:47  Protoss Ground Weapons Level 3 (Chrono Boost)  
  113  10:51  Sentry  
  113  10:53  Zealot x4  
  113  10:54  Zealot x2  
  127  10:58  Photon Cannon  
  127  11:05  Probe  
  127  11:06  Probe x2  
  130  11:13  High Templar  
  132  11:21  Pylon  
  132  11:22  Pylon  
  132  11:26  Pylon  
  132  11:29  Pylon  
  131  11:33  Shield Battery  
  131  11:39  High Templar  
  120  11:45  Zealot x7, Archon  
  130  11:51  Immortal  
  130  11:54  Assimilator, Probe x2  
  116  12:06  Probe x2  
  116  12:07  High Templar  
  116  12:08  Zealot, High Templar x3  
  119  12:09  Zealot  
  119  12:13  Archon x2  
  123  12:18  Pylon  
  123  12:23  Nexus  
  123  12:24  Probe x2  
  123  12:26  Probe  
  123  12:28  High Templar x2  
  130  12:33  Archon  
  130  12:36  Immortal  
  132  12:37  Probe  
  132  12:41  Probe x2  
  135  12:48  Phoenix (Chrono Boost)  
  135  12:49  Probe, Stargate  
  128  13:04  High Templar x2  
  128  13:05  Zealot x4  
  131  13:06  Zealot x2  
  131  13:09  Archon  
  134  13:15  Immortal  
  136  13:32  High Templar  
  136  13:33  High Templar  
  130  13:35  Nexus  
  130  13:36  Archon  
  130  13:38  Pylon  
  130  13:39  Zealot x2  
  130  13:40  Zealot x4  
  134  14:00  Zealot x3  
  128  14:06  Zealot  
  128  14:07  Zealot  
Show
View Real Time Build Order
Export as new Build Order

ShoWTimE Protoss - Winner!

Build Orders: Phoenix Opening 

Get SALT Encoding   

  12  0:00  Probe  
  13  0:12  Probe  
  14  0:17  Pylon  
  14  0:24  Probe (Chrono Boost)  
  15  0:36  Gateway  
  15  0:37  Probe (Chrono Boost)  
  16  0:44  Probe (Chrono Boost)  
  16  0:45  Assimilator  
  17  0:51  Probe  
  18  1:03  Probe (Chrono Boost)  
  19  1:04  Assimilator  
  19  1:10  Gateway  
  19  1:13  Probe (Chrono Boost)  
  20  1:18  Probe (Chrono Boost)  
  20  1:24  Cybernetics Core  
  21  1:29  Probe  
  22  1:35  Pylon  
  22  1:41  Probe  
  23  1:53  Probe  
  24  2:00  Stalker, Sentry  
  28  2:03  Warp Gate (Chrono Boost)  
  29  2:11  Pylon  
  28  2:26  Stalker  
  28  2:29  Pylon  
  30  2:30  Stalker  
  30  2:34  Phoenix  
  32  2:52  Nexus  
  32  2:55  Probe  
  33  3:01  Sentry x2  
  37  3:07  Probe  
  37  3:10  Pylon  
  38  3:20  Shield Battery  
  38  3:21  Probe  
  39  3:33  Probe  
  40  3:44  Stalker x2  
  40  3:45  Probe  
  45  3:53  Twilight Council  
  45  3:57  Probe  
  45  4:08  Stalker x2  
  45  4:09  Probe  
  49  4:10  Probe  
  50  4:21  Probe (Chrono Boost)  
  50  4:22  Probe (Chrono Boost)  
  51  4:28  Shield Battery  
  53  4:31  Probe x2 (Chrono Boost)  
  53  4:36  Blink (Chrono Boost), Probe x2 (Chrono Boost)  
  52  4:47  Probe  
  52  4:48  Phoenix, Probe  
  52  4:54  Stalker  
  52  4:56  Stalker  
  57  5:00  Probe (Chrono Boost)  
  57  5:01  Probe (Chrono Boost)  
  57  5:05  Pylon  
  58  5:13  Probe (Chrono Boost), Pylon  
  60  5:18  Probe (Chrono Boost)  
  60  5:21  Probe (Chrono Boost)  
  61  5:23  Phoenix  
  61  5:24  Probe (Chrono Boost)  
  61  5:27  Probe, Forge  
  62  5:35  Robotics Facility  
  63  5:36  Probe  
  63  5:39  Probe  
  65  5:48  Probe  
  66  5:53  Pylon  
  66  5:54  Nexus  
  66  5:55  Probe  
  66  5:56  Protoss Ground Weapons Level 1 (Chrono Boost)  
  67  6:00  Assimilator, Probe  
  68  6:07  Phoenix, Probe  
  69  6:12  Gateway, Probe  
  69  6:13  Gateway  
  70  6:19  Probe  
  70  6:24  Probe  
  70  6:25  Observer  
  73  6:27  Stalker x2  
  73  6:31  Probe  
  78  6:36  Probe  
  78  6:37  Gateway  
  78  6:38  Pylon  
  79  6:43  Probe  
  79  6:46  Gateway  
  80  6:48  Probe  
  80  6:51  Stalker  
  80  6:53  Pylon  
  83  6:54  Stalker  
  83  6:55  Probe  
  86  7:05  Probe  
  86  7:06  Probe  
  86  7:07  Probe  
  85  7:08  Shield Battery  
  85  7:13  Stalker  
  85  7:14  Stalker  
  85  7:15  Charge  
  86  7:17  Probe  
  86  7:18  Probe  
  86  7:19  Probe  
  88  7:29  Probe  
  89  7:30  Adept x2, Probe  
  89  7:32  Probe  
  89  7:35  Assimilator  
  95  7:40  Assimilator  
  95  7:41  Probe, Pylon  
  95  7:43  Gateway, Probe  
  97  7:44  Gateway  
  97  7:47  Probe  
  96  7:53  Probe  
  96  7:56  Probe  
  96  8:03  Stalker x4  
  104  8:06  Protoss Ground Weapons Level 2 (Chrono Boost)  
  102  8:13  Probe  
  99  8:21  Zealot x2  
  99  8:24  Templar Archives  
  80  8:36  Immortal (Chrono Boost)  
  80  8:37  Zealot x4  
  80  8:38  Zealot  
  91  8:43  Assimilator  
  91  8:47  Probe  
  91  8:48  Probe x2, Shield Battery  
  94  8:52  Zealot x2  
  94  8:53  Zealot  
  94  8:54  Shield Battery  
  100  9:00  High Templar x2  
  104  9:03  High Templar  
  104  9:04  High Templar  
  104  9:05  Warp Prism (Chrono Boost), Archon  
  104  9:07  Zealot  
  104  9:09  Archon  
  112  9:16  Sentry  
  112  9:17  Zealot  
  116  9:20  Pylon  
  116  9:24  Pylon  
  116  9:29  Shield Battery  
  116  9:30  Pylon  
  116  9:32  Pylon  
  116  9:38  High Templar x2  
  116  9:39  Zealot x2  
  116  9:43  Zealot x4, Archon  
  126  9:59  Zealot x2  
  104  10:03  Immortal (Chrono Boost)  
  104  10:05  Zealot x4  
  114  10:11  High Templar x2  
  118  10:15  Archon  
  118  10:16  Gateway  
  118  10:20  High Templar  
  118  10:21  High Templar  
  122  10:25  Nexus  
  122  10:27  Archon  
  122  10:28  Shield Battery  
  122  10:31  Photon Cannon x2  
  122  10:34  Zealot x4  
  130  10:36  Observer  
  130  10:40  Protoss Ground Weapons Level 3 (Chrono Boost)  
  129  10:43  Probe x2  
  131  10:50  High Templar x2  
  131  10:54  Archon  
  131  10:55  Zealot x3  
  131  10:56  Zealot x2  
  145  10:59  Pylon  
  145  11:04  Pylon  
  145  11:15  Stalker x2  
  149  11:19  High Templar x2  
  149  11:20  Zealot x2  
  149  11:24  Zealot x2, Archon, Pylon  
  161  11:27  Zealot  
  157  11:45  Zealot, High Templar x2  
  157  11:46  Zealot x3  
  165  11:49  Zealot, Archon  
  165  11:53  Photon Cannon  
  167  12:01  Zealot x2  
  151  12:02  Immortal  
  147  12:12  Robotics Bay  
  147  12:13  Probe x4  
  147  12:15  High Templar x2  
  153  12:16  Zealot x2  
  153  12:19  Robotics Facility  
  153  12:20  Archon  
  159  12:32  Zealot x5  
  167  12:37  Gateway  
  167  12:45  Zealot x2  
  167  12:48  Zealot x2  
  175  12:55  Zealot x5  
  169  12:59  Disruptor (Chrono Boost)  
  164  13:09  Zealot x4, Disruptor (Chrono Boost)  
  167  13:18  Stalker x6  
  167  13:19  Stalker  
  181  13:24  Zealot x2  
  185  13:30  Disruptor (Chrono Boost)  
  178  13:37  Dark Shrine  
  178  13:41  Zealot x4  
  178  13:42  Zealot  
  178  13:46  Pylon  
  171  13:57  Zealot x4  
  161  14:05  Zealot x3  

Tags
 
Add a new tag
Caveats
  • Supply blocks, unpowered buildings, or Contaminate may cause inaccurate times.
  • Supply counts are checked every 10 seconds.